 Dungeon Sprint DCSS version 0.30-a0-585-g93115170b9 (webtiles) character file.

Game seed: 14749764733674239017

613 mhtbhm the Unseen (level 7, 0/63 HPs)
             Began as an Armataur Brigand on Jan 3, 2023.
             Was a Believer of Dithmenos.
             Slain by a killer bee (5 damage)
             ... in the Dungeon (Sprint IV: "Fedhas' Mad Dash").
             The game lasted 00:02:22 (390 turns).

mhtbhm the Unseen (Armataur Brigand)                 Turns: 390, Time: 00:02:23

Health: 0/63       AC:  5    Str: 16    XL:     7   Next: 20%
Magic:  7/7        EV: 10    Int: 11    God:    Dithmenos [**....]
Gold:   115        SH:  0    Dex: 14    Spells: 6/6 levels left

rFire   . . .      SeeInvis .    a - +2 dagger
rCold   . . .      Faith    .    (no shield)
rNeg    . . .      Spirit   .    b - +0 robe
rPois   .          Reflect  .    (no helmet)
rElec   .          Harm     .    c - +0 cloak
rCorr   .          Roll     +    (no gloves)
Will    .....      NoTele   +    (no barding)
Stlth   ++++++++                 m - amulet of invisibility {+Inv}
HPRegen 0.30/turn                (no ring)
MPRegen 0.10/turn                (no ring)

@: lethally poisoned (0 -> -3), very slightly contaminated, hasted, wreathed by
umbra, very quick
A: large, rugged brown scales 3, deformed body, armoured tail, roll, long
tongue, awkward tongue
a: Renounce Religion, Evoke Invisibility, Shadow Step


You were in the Dungeon.
You worshipped Dithmenos.
Dithmenos was pleased with you.
You visited 1 branch You collected 115 gold pieces.

Inventory:

Hand Weapons
 a - a +2 dagger (weapon)
Missiles
 d - 6 poisoned darts (quivered)
Armour
 b - a +0 robe (worn)
 c - a +0 cloak (worn)
Jewellery
 m - the amulet of invisibility (around neck) {+Inv}
   (You found it in the Dungeon)

   [amulet of nothing]

   +Inv:      It lets you turn invisible.
Scrolls
 l - a scroll of enchant weapon {unknown}
 n - a scroll of amnesia
Potions
 i - 2 potions of magic


   Skills:
 + Level 4.1 Fighting
 + Level 4.0 Short Blades
 + Level 4.6 Throwing
 + Level 1.7 Dodging
 + Level 15.6 Stealth
 + Level 3.9 Evocations


You had 6 spell levels left.
You didn't know any spells.
Your spell library was empty.

Dungeon Overview and Level Annotations

Branches:
Dungeon (1/1)

Altars:
Cheibriados
Dithmenos
Elyvilon
Gozag
Hepliaklqana
Kikubaaqudgha
Makhleb
Nemelex Xobeh
Okawaru
Qazlal
Ru
Sif Muna
Trog
Uskayaw
Vehumet
Wu Jian
Xom
Yredelemnul
Zin
The Shining One
Jiyva
Lugonu

Shops:
D ?=


Innate Abilities, Weirdness & Mutations

You are completely covered in rugged brown scales. (AC +3, +7% HP)
Armour fits poorly on your strangely shaped body.
You have a long armoured tail.
You roll when moving toward enemies. (Rampage)
Your long tongue fully drains potion bottles. (2x potion effects)
Your tongue gives you trouble enunciating. (1.5x scroll delay)


Message History

You hit the killer bee.
The killer bee is almost dead.
The killer bee barely misses you. The killer bee stings you.
You hit the killer bee.
You kill the killer bee!
Dithmenos accepts your kill.
You hit the killer bee.
The killer bee is moderately wounded.
The killer bee stings you but does no damage.
The killer bee closely misses you.
You hit the killer bee.
The killer bee is heavily wounded.
The killer bee stings you.
You are poisoned.
The killer bee poisons you! The killer bee stings you!
The killer bee barely misses you. The killer bee stings you!
Unknown command.
Okay, then.
Unknown command.
You aren't carrying any items that you can evoke.
Unknown command.
As you slowly read the scroll labelled NOFUKL QYAD, it crumbles to dust.
It is a scroll of amnesia.
You feel forgetful for a moment.
You feel sick. The killer bee stings you. x2
* * * LOW HITPOINT WARNING * * *
Okay, then.
You fail to use your ability.
You feel sick.
The killer bee stings you but does no damage.
The killer bee barely misses you. The killer bee stings you.
* * * LOW HITPOINT WARNING * * *
The killer bee barely misses you.
You miss the killer bee.
The killer bee is heavily wounded.
The killer bee barely misses you. The killer bee stings you.
* * * LOW HITPOINT WARNING * * *
Unknown command.
You miss the killer bee.
The killer bee is heavily wounded.
You feel sick. The killer bee stings you.
You die...

###############################
#<..P#..†..#.....#.⌠._._._._.⌠.
#PP..'..†..'.#(..'.._._._._._..
#PPPP#.....#.#...#..._._._._...
###############'##.._._._._._..
♣(.......y@..#._._._._._.⌠.
#..y.(.♣.....#y..##############
#.....♣..♣..######
##+####+#####


You could see 2 killer bees.

Vanquished Creatures
  A queen bee (D)
  2 scorpions (D)
  2 killer bees (D)
  4 oklob saplings (D)
  2 spriggans (D)
  A river rat (D)
  A rat (D)
13 creatures vanquished.

Notes
Turn   | Place    | Note
-------+----------+-------------------------------------------
     0 | D        | mhtbhm the Armataur Brigand began the quest for the Orb.
     0 | D        | Reached XP level 1. HP: 18/18 MP: 1/1
     9 | D        | Reached skill level 6 in Stealth
     9 | D        | Reached XP level 2. HP: 25/25 MP: 2/2
    26 | D        | Noticed an oklob sapling
    27 | D        | Killed an oklob sapling
    28 | D        | Reached skill level 7 in Stealth
    28 | D        | Reached XP level 3. HP: 32/32 MP: 3/3
    30 | D        | Noticed a scorpion
    30 | D        | Found the amulet of invisibility {+Inv}
    32 | D        | Killed a scorpion
    33 | D        | Reached skill level 9 in Stealth
    33 | D        | Reached XP level 4. HP: 39/39 MP: 4/4
    57 | D        | Found an opulent altar of Gozag.
    57 | D        | Found a hazy altar of Hepliaklqana.
    57 | D        | Found a burning altar of Makhleb.
    57 | D        | Found a sparkling altar of Nemelex Xobeh.
    57 | D        | Found a snail-covered altar of Cheibriados.
    57 | D        | Found a sacrificial altar of Ru.
    57 | D        | Found a shimmering blue altar of Sif Muna.
    57 | D        | Found a shimmering altar of Xom.
    57 | D        | Found a basalt altar of Yredelemnul.
    58 | D        | Found a viscous altar of Jiyva.
    58 | D        | Found a bloodstained altar of Trog.
    58 | D        | Found an ornate altar of the Wu Jian Council.
    59 | D        | Found an iron altar of Okawaru.
    59 | D        | Found a shadowy altar of Dithmenos.
    59 | D        | Found a glowing silver altar of Zin.
    60 | D        | Found an ancient bone altar of Kikubaaqudgha.
    60 | D        | Found a hide-covered altar of Uskayaw.
    61 | D        | Found a stormy altar of Qazlal.
    61 | D        | Found a white marble altar of Elyvilon.
    61 | D        | Found a glowing golden altar of the Shining One.
    62 | D        | Found a corrupted altar of Lugonu.
    62 | D        | Found a radiant altar of Vehumet.
    66 | D        | Reached skill level 1 in Dodging
    66 | D        | Reached skill level 11 in Stealth
    66 | D        | Reached XP level 5. HP: 48/48 MP: 5/5
    71 | D        | Became a worshipper of Dithmenos the Shadowed
   101 | D        | Reached skill level 1 in Evocations
   107 | D        | Reached skill level 12 in Stealth
   107 | D        | Reached * piety under Dithmenos
   109 | D        | Reached skill level 13 in Stealth
   109 | D        | Reached XP level 6. HP: 55/55 MP: 6/6
   233 | D        | Found Potat's Jewellery Shop.
   233 | D        | Found Gasuext's Magic Scroll Emporium.
   358 | D        | Noticed a queen bee
   370 | D        | Reached ** piety under Dithmenos
   380 | D        | Killed a queen bee
   381 | D        | Reached skill level 15 in Stealth
   381 | D        | Reached XP level 7. HP: 45/63 MP: 7/7
   390 | D        | Slain by a killer bee

Illustrated notes

Levels and vault maps discovered:
D:        dungeon_sprint_fedhas [sprint_temple]

Skill      XL: |  1  2  3  4  5  6 |
---------------+-------------------+-----
Fighting       | 2 3 4 |  4.1
Short Blades   | 2 3 4 |  4.0
Throwing       | 2 3 4 |  4.6
Stealth        | 6 7 9 11 13 15 | 15.6
Dodging        | 1 |  1.7
Evocations     | 2 3 |  3.9

Action                   |  1- 3 |  4- 6 |  7- 9 || total
-------------------------+-------+-------+-------++-------
Melee: Dagger            |     8 |    21 |     8 ||    37
       Punch             |     1 |     2 |       ||     3
       Tailslap          |       |     5 |       ||     5
Throw: Dart              |     1 |     6 |       ||     7
 Abil: Evoke Invisibilit |       |     3 |       ||     3
  Use: Potion            |       |     4 |       ||     4
       Scroll            |       |     1 |     1 ||     2
 Stab: Sleeping          |     2 |     5 |       ||     7
Armor: Robe              |     2 |     3 |     3 ||     8
Dodge: Dodged            |     3 |    13 |     7 ||    23

Table legend: (Time is in decaauts)
 A = Elapsed time spent in this place.
 B = Non-inter-level travel time spent in this place.
 C = Inter-level travel time spent in this place.
 D = Time resting spent in this place.
 E = Time spent auto-exploring this place.
 F = Levels seen in this place.
 G = Mean time per level.
                   A        B        C        D        E       F      G
               +--------+--------+--------+--------+--------+-----+--------+
         Total |    388 |    388 |      0 |    182 |      0 |   1 |  388.0 |
       Dungeon |    388 |    388 |      0 |    182 |      0 |   1 |  388.0 |
               +--------+--------+--------+--------+--------+-----+--------+

Top non-repeatable levels by time:
       D: 388 daAuts
